 Dungeon Sprint DCSS version 0.28-a0-32-g8dfe7f97f6 (webtiles) character file.

Game seed: 16314815773407791178

4 night the Conjurer (level 1, -1/14 HPs)
             Began as a Draconian Conjurer on July 27, 2021.
             Killed from afar by a white imp (10 damage)
             ... with a puff of frost
             ... in the Dungeon (Sprint IX: "|||||||||||||||||||||||||||||").
             The game lasted 00:00:59 (104 turns).

night the Conjurer (Draconian Conjurer)              Turns: 104, Time: 00:00:59

Health: -1/14      AC:  4    Str:  9    XL:     1   Next: 58%
Magic:  4/4        EV: 12    Int: 18    God:
Gold:   0          SH:  0    Dex:  9    Spells: 4/5 levels left

rFire   . . .      SeeInvis .   (no weapon)
rCold   . . .      Faith    .   (no shield)
rNeg    . . .      Spirit   .   (armour unavailable)
rPois   .          Reflect  .   (helmet restricted)
rElec   .          Harm     .   (no cloak)
rCorr   .          Rampage  .   (no gloves)
Will    .....      NoTele   +   (no boots)
Stlth   ++........              (no amulet)
HPRegen 0.04/turn               (no ring)
MPRegen 0.09/turn               (no ring)

@: no status effects
A: AC +4, unfitting armour, cold-blooded
a: no special abilities


You were in the Dungeon.
You visited 1 branch

Inventory:

Potions
 a - a potion of curing
 b - a potion of heal wounds
 c - a potion of haste
 d - 2 potions of magic
 e - a potion of berserk rage


   Skills:
 - Level 1.7 Dodging
 - Level 1.7 Stealth
 + Level 2.9 Spellcasting
 + Level 4.6 Conjurations


You had 4 spell levels left.
You knew the following spells:

 Your Spells              Type           Power      Damage    Failure   Level
a - Magic Dart            Conj           76%        1d6       2%          1

Your spell library contained the following spells:

 Spells                   Type           Power      Damage    Failure   Level
 Searing Ray              Conj           38%        3d4       3%          2
 Dazzling Flash           Conj/Hex       22%        N/A       19%         3
 Fulminant Prism          Conj/Hex       5%         3d7       54%         4
 Iskenderun's Mystic Bla  Conj/Tloc      11%        2d4       54%         4


Dungeon Overview and Level Annotations

Branches:
Dungeon (1/1)

Altars:


Innate Abilities, Weirdness & Mutations

Your plain brown scales are hard. (AC +4)
You cannot fit into any form of body armour.
You are cold-blooded and may be slowed by cold attacks.


Message History

There is an open door to the Dungeon here.
You open the door.
A worm, a gnoll, an ogre, a white imp and a zombie come into view.
The white imp shouts, "Get thee gone, thou foisting sow-suckled guttersnipe!"
The ogre shouts!
The gnoll shouts!
You aren't carrying any items that you can evoke.
Okay, then.
Okay, then.
The adder zombie bites you but does no damage.
The adder zombie barely misses you.
There is an open door to the Dungeon here.
The adder zombie barely misses you. The adder zombie closely misses you.
The adder zombie closely misses you.
The adder zombie bites you but does no damage.
The white imp shouts, "Escape, thou euchred dread-bolted clack-dish!"
The adder zombie barely misses you. The adder zombie bites you.
You hit the adder zombie but do no damage.
The adder zombie barely misses you.
You hit the adder zombie.
The adder zombie is lightly damaged.
The adder zombie bites you.
You hit the adder zombie.
The adder zombie is moderately damaged.
The adder zombie closely misses you.
You closely miss the adder zombie.
The adder zombie is moderately damaged.
The adder zombie barely misses you. The adder zombie bites you.
You see here a rat corpse.
The white imp puffs mist at you.
The adder zombie bites you but does no damage.
Blink to where?
Press: ? - help, Dir - move target
As you read the scroll of blinking, it crumbles to dust.
The white imp gestures at you. The puff of frost hits you!
Ouch! That really hurt!
You die...

▓+▓
▓.▓
▓.▓
▓.▓
▓.▓
▓.▓
▓'▓
▓.▓
▓@▓
▓.▓
▓5▓
▓w▓
▓g▓
▓Z▓
▓O▓
▓§▓
▓<▓


You could see an ogre, a worm, a gnoll, a white imp and an adder zombie.

Vanquished Creatures
  A bat (D)
  2 ball pythons (D)
  2 rats (D)
5 creatures vanquished.

Notes
Turn   | Place    | Note
-------+----------+-------------------------------------------
     0 | D        | night the Draconian Conjurer began the quest for the Orb.
     0 | D        | Reached XP level 1. HP: 14/14 MP: 3/3
     8 | D        | Banished a spatial maelstrom
    81 | D        | Noticed an ogre
   104 | D        | Killed from afar by a white imp

Illustrated notes

Levels and vault maps discovered:
D:        linesprint [early_d, line_temple, items_1, d_10, items_2, lair_1,
          lair_end, items_3, orc_1, orc_end, items_4, d_15, swamp_1, shoals_1,
          snake_1, spider_1, d_20, vaults_1, items_5, swamp_end, shoals_end,
          snake_end, spider_end, vaults_end, d_27, items_6, zot_1, zot_end,
          crypt_end, forest_end, elf_end, slime_end, tomb_end, abyss_end,
          pan_hell_end]

Action                   || total
-------------------------++-------
Melee: Unarmed           ||    25
       Tailslap          ||     2
 Cast: Magic Dart        ||     4
  Use: Scroll            ||     1
Armor: Skin              ||    12
Dodge: Dodged            ||    29

Table legend: (Time is in decaauts)
 A = Elapsed time spent in this place.
 B = Non-inter-level travel time spent in this place.
 C = Inter-level travel time spent in this place.
 D = Time resting spent in this place.
 E = Time spent auto-exploring this place.
 F = Levels seen in this place.
 G = Mean time per level.
                   A        B        C        D        E       F      G
               +--------+--------+--------+--------+--------+-----+--------+
         Total |    104 |    104 |      0 |     40 |      0 |   1 |  104.0 |
       Dungeon |    104 |    104 |      0 |     40 |      0 |   1 |  104.0 |
               +--------+--------+--------+--------+--------+-----+--------+

Top non-repeatable levels by time:
       D: 104 daAuts
